 BcadrenCrawl: Boulder Brew version 0.04.2-14-g97babad5ff (webtiles) character file.

Game seed: 14682960994176192566, levelgen mode: deterministic

4680 diana the Slicer (level 10, -2/47 HPs) Kobold Gladiator. Began on May 8, 2021. Was an Initiate of Hepliaklqana. Slain by an orc warrior ... wielding a +0 halberd (27 damage) ... on level 4 of the Dungeon. The game lasted 00:17:07 (6015 turns).

diana the Slicer (Kobold Gladiator)                 Turns: 6015, Time: 00:17:08

Health: -2/47      AC:  5    Str: 14    XL:     10 ^: 1072
Magic:  11/11      EV: 27    Int: 12    God:    Hepliaklqana [0* [15]]
Gold:   440        SH:  0    Dex: 25    Spells: 9/9 levels left

rFire    . . .     Vision   .   s - +0 hunting sling
rCold    . . .     Gourm    .   j - +4 short sword
rNeg     . . .     Faith    .   b - +0 leather armour
rPois    .         Spirit   .   q - +2 hat of Pasitiqy {rCorr Str+2 Int+3}
rElec    .         Reflect  .   (no cloak)
rCorr    +         Harm     .   (no gloves)
MR       .....                  (no boots)
Stlth    ++........             (no amulet)
HPRegen  0.25/turn              h - ring of dexterity
MPRegen  0.21/turn              (no ring)

@: studying 2 skills
A: small, reduced essence, carnivore
a: Recall Ancestor, Ancestor Identity, Renounce Religion


You were on level 4 of the Dungeon.
You worshipped Hepliaklqana.
Hepliaklqana was noncommittal.
You were full.

You visited 2 branches of the dungeon, and saw 5 of its levels.

You collected 683 gold pieces.
You spent 243 gold pieces at shops.

Inventory:

Weapons
 a - a +0 rapier
 j - a +4 short sword (weapon)
 k - a +3 dagger of speed
 s - a +0 hunting sling (weapon)
Armour
 b - a +0 leather armour (worn)
 q - the +2 hat of Pasitiqy (worn) {rCorr Str+2 Int+3}
   (You bought it in a shop on level 4 of the Dungeon)

   It affects your strength (+2).
   It affects your intelligence (+3).
   It provides partial protection from all sources of acid and corrosion.
Jewellery
 h - a ring of dexterity (left hand)
 l - an uncursed amulet of harm
Wands
 d - a wand of ensnaring (22)
 u - a wand of flame (1)
Scrolls
 e - 4 scrolls of teleportation
 g - 3 scrolls of amnesia
 m - a scroll of acquirement
 o - a scroll of fear
 p - a scroll of enchantment
 r - a scroll of bless item
 v - a scroll of fog
Potions
 i - a potion of brilliance
 n - 2 potions of curing
 t - a potion of haste
Comestibles
 f - 8 rations


   Skills:
 - Level 2.1 Fighting
 - Level 12.3 Short Blades
 + Level 6.2 Slings
 + Level 3.4 Armour
 - Level 11.3 Dodging
 - Level 2.1 Evocations


You had 9 spell levels left.
You didn't know any spells.
Your spell library was empty.

Dungeon Overview and Level Annotations

Branches:
Dungeon (4/8)              Temple (1/1) D:4

Altars:
Ashenzari
Cheibriados
Dithmenos
Elyvilon
Fedhas Madash
Gozag Ym Sagoz
Hepliaklqana
Kikubaaqudgha
Makhleb
Nemelex Xobeh
Okawaru
Qazlal
Ru
Sif Muna
Trog
Uskayaw
Vehumet
Wu Jian
Xom
Yredelemnul
Zin
The Shining One
Beogh

Shops:
D:2 %   D:4 [[:


Innate Abilities, Weirdness & Mutations

You are small and have problems with some larger weapons.
You are carnivorous and can eat meat at any time.
Your life essence is reduced to manifest your ancestor. (-10% HP)


Message History

Aiming:
s - a +0 hunting sling, Range: 4 (100%)
Press: ? - help, Shift-Dir - straight line, f/p - orc warrior
Aim: an orc warrior, wielding a +0 halberd and wearing a +0 plate armour (heavily wounded (12/28))
You shoot a sling bullet.
The sling bullet closely misses the orc warrior (0).
There is a stone staircase leading up here.
Aiming:
s - a +0 hunting sling, Range: 3 (75%)
Press: ? - help, Shift-Dir - straight line, f/p - orc warrior
Aim: an orc warrior, wielding a +0 halberd and wearing a +0 plate armour (heavily wounded (12/28))
You shoot a sling bullet.
The sling bullet barely misses the orc warrior (0).
Aiming:
s - a +0 hunting sling, Range: 2 (50%)
Press: ? - help, Shift-Dir - straight line, f/p - orc warrior
Aim: an orc warrior, wielding a +0 halberd and wearing a +0 plate armour (heavily wounded (12/28))
You shoot a sling bullet.
The sling bullet hits the orc warrior (3).
The orc warrior is severely wounded. (9/28) HP The orc warrior hits you from afar with a +0 halberd (27)!!
Ouch! That really hurt!
You die...

#.......#......#
#...._..#......#
#.......#......#
#.......#......#
########.#......#
#..........)..).###
#..............[..####
#......o.......)....#.
#....@.######.....Ro#.
#......# #.##.##...
#..∩...# #.##.###..
#.......... ...#..####
##################..
+######## #..........#
## ##.. #..........#
#..#
#........=.##########
#...
#..........##.......#
##.#


You could see an orc warrior.

Vanquished Creatures
  Pikel (D:3)
  Menkaure (D:2)
  A guardian mummy (D:4)
  4 water moccasins (D:2)
  4 orc warriors
  An ogre (D:4)
  2 ice beasts (D:4)
  A sky beast (D:4)
  A black bear (D:4)
  A crocodile (D:2)
  5 big kobolds (D:2)
  4 bullfrogs
  A meliai zombie (D:4)
  A howler monkey (D:3)
  4 wights (D:4)
  A crimson imp (D:3)
  12 jellies
  3 hounds (D:4)
  An orc wizard (D:3)
  2 mummies (D:4)
  7 giant cockroaches
  A bullfrog zombie (D:4)
  A bullfrog skeleton (D:4)
  A shadow imp (D:4)
  8 adders
  A gnoll (D:1)
  45 sewer rats (D:2)
  A white imp (D:4)
  14 cinder newts
  6 worms
  3 oozes (D:2)
  2 dart slugs (D:1)
  7 leopard geckos
  13 orcs
  4 adder skeletons
  6 ball pythons
  5 bats (D:1)
  A gnoll skeleton (D:2)
  4 hobgoblins (D:1)
  A quokka (D:4)
  A ball python skeleton (D:2)
  2 bat skeletons (D:2)
  8 goblins (D:1)
  A hobgoblin skeleton (D:2)
  A jackal skeleton (D:2)
  32 kobolds
  A quokka skeleton (D:2)
  6 rats
  2 rat skeletons (D:2)
  A slave (D:3)
  2 withered plants (D:2)
239 creatures vanquished.

Vanquished Creatures (collateral kills)
  An orc warrior (D:4)
  A sky beast (D:4)
  An ogre (D:4)
  An orc wizard (D:4)
  2 orcs (D:4)
6 creatures vanquished.

Vanquished Creatures (others)
  A worker ant (D:3)
  2 giant cockroaches (D:2)
  A sewer rat (D:2)
  2 leopard geckos (D:2)
  A ball python (D:2)
  A quokka (D:3)
  2 bats (D:2)
  A kobold (D:2)
  A quokka skeleton (D:2)
  5 ancestors (D:4)
  8 slimeheads (D:2)
  211 withered plants (D:2)
236 creatures vanquished.

Grand Total: 481 creatures vanquished

Notes
Turn   | Place    | Note
-------+----------+-------------------------------------------
     0 | D:1      | diana the Kobold Gladiator began the quest for the Orb.
     0 | D:1      | Reached XP level 1. HP: 12/12 MP: 2/2
    86 | D:1      | Reached XP level 2. HP: 17/17 MP: 3/3
    92 | D:1      | Reached skill level 4 in Short Blades
   129 | D:1      | Reached XP level 3. HP: 19/21 MP: 4/4
   248 | D:1      | Reached XP level 4. HP: 26/26 MP: 5/5
   503 | D:1      | Reached skill level 5 in Short Blades
   527 | D:2      | Reached skill level 5 in Dodging
   540 | D:2      | Reached XP level 5. HP: 22/30 MP: 6/6
   622 | D:2      | Noticed a water moccasin
   690 | D:2      | Reached XP level 6. HP: 22/35 MP: 7/7
   692 | D:2      | Reached skill level 6 in Short Blades
   798 | D:2      | Noticed a water moccasin
   806 | D:2      | Killed a water moccasin
   810 | D:2      | Noticed Menkaure
   862 | D:2      | Killed Menkaure
   862 | D:2      | Reached skill level 7 in Short Blades
   862 | D:2      | Reached XP level 7. HP: 4/40 MP: 8/8
  1340 | D:2      | Reached XP level 8. HP: 29/44 MP: 9/9
  1416 | D:2      | Reached skill level 8 in Short Blades
  1914 | D:2      | Reached skill level 9 in Short Blades
  2010 | D:2      | Reached XP level 9. HP: 34/48 MP: 10/10
  2159 | D:2      | Identified a scroll of acquirement
  2189 | D:2      | Reached skill level 10 in Short Blades
  2189 | D:2      | Reached skill level 10 in Dodging
  2323 | D:2      | Found Tiar's Food Boutique.
  3220 | D:3      | Noticed Pikel
  3241 | D:3      | Killed Pikel
  3241 | D:3      | Reached skill level 11 in Short Blades
  3761 | D:3      | Found a glowing golden altar of the Shining One.
  4115 | D:4      | Found Ukkyfu's Book Emporium.
  4116 | D:4      | Reached XP level 10. HP: 53/53 MP: 11/11
  4119 | D:4      | Reached skill level 1 in Slings
  4151 | D:4      | Reached skill level 1 in Armour
  4197 | D:4      | Found a staircase to the Ecumenical Temple.
  4207 | D:5      | Connectivity tunneler affected
                  | minmay_ossuary_scorpions_large_arena.
  4207 | Temple   | Entered the Ecumenical Temple
  4421 | Temple   | Became a worshipper of Hepliaklqana the Forgotten
  4527 | D:4      | Found Amih's Armour Shoppe.
  4914 | D:4      | Reached skill level 12 in Short Blades
  5051 | D:4      | Found a shimmering altar of Xom.
  5058 | D:4      | Found an iron altar of Okawaru.
  5061 | D:4      | Found an ancient bone altar of Kikubaaqudgha.
  5121 | D:4      | HP: 2/47 [guardian mummy/+4 short sword (26)]
  5131 | D:4      | Noticed an orc knight
  5131 | D:4      | Found a roughly hewn altar of Beogh.
  5131 | D:4      | HP: 2/47 [something (3)]
  5424 | D:4      | Reached skill level 5 in Slings
  5949 | D:4      | Found Joolink's Antique Armour Boutique.
  5952 | D:4      | Bought a distressingly furry hat for 243 gold pieces
  5952 | D:4      | Identified the +2 hat of Pasitiqy {rCorr Str+2 Int+3} (You
                  | bought it in a shop on level 4 of the Dungeon)
  6015 | D:4      | Slain by an orc warrior

Levels and vault maps discovered:
D:1:      nzn_arrival_settlement, layout_cave_pools, st_stairs_8,
          minmay_hexomino_f4
D:2:      layout_sewer, serial_shops, nicolae_shop_waterfront,
          minmay_joined_circles, uniq_menkaure
D:3:      layout_basic, nicolae_tso_carved_into_rock, first_ration, uniq_pikel
D:4:      layout_rooms, grunt_temple_overflow_diamond, temple_hall,
          serial_shops, shop, shop, nicolae_shop_competitors_out_of_business,
          special_room [special_room_orc], grunt_livestock,
          lightli_ossuary_entry_decrepit_ruins
Temple:   dpeg_five_rooms_temple

Skill      XL: |  1  2  3  4  5  6  7  8  9 10 |
---------------+-------------------------------+-----
Short Blades   | 4 5 7 9 11 12 | 12.3
Dodging        | 4 5 7 9 11 | 11.3
Slings         | 6 |  6.2
Armour         | 3 |  3.4
Fighting       | |  2.1
Evocations     | |  2.1

Action                   |  1- 3 |  4- 6 |  7- 9 | 10-12 || total
-------------------------+-------+-------+-------+-------++-------
Melee: Rapier            |    36 |    80 |   299 |    63 ||   478
       Unarmed           |    13 |    52 |    80 |       ||   145
       Dagger            |       |       |   112 |   114 ||   226
       Short sword       |       |       |       |    44 ||    44
 Fire: Hunting sling     |       |       |       |    36 ||    36
  Use: Potion            |       |       |     2 |     2 ||     4
       Scroll            |       |       |       |     2 ||     2
 Stab: Sleeping          |     1 |       |     4 |     2 ||     7
  Eat: Chunk             |       |       |    11 |    13 ||    24
Armor: Leather armour    |     1 |     2 |    13 |    10 ||    26
Dodge: Dodged            |    22 |    96 |   361 |   101 ||   580
